 Dungeon Crawl Stone Soup version 0.28-a0-563-gf77a47075d (webtiles) character file.

Game seed: 16980423391479687603

114 dolemite99 the Chopper (level 4, -7/35 HPs)
             Began as a Demonspawn Fighter on Oct 1, 2021.
             Was a Believer of Nemelex Xobeh.
             Mangled by a gnoll (9 damage)
             ... on level 2 of the Dungeon.
             The game lasted 00:02:06 (2161 turns).

dolemite99 the Chopper (Demonspawn Fighter)         Turns: 2161, Time: 00:02:07

Health: -7/35      AC:  7    Str: 17    XL:     4   Next: 67%
Magic:  5/5        EV:  9    Int:  9    God:    Nemelex Xobeh [**....]
Gold:   113        SH:  4    Dex: 13    Spells: 3/3 levels left

rFire   . . .      SeeInvis .   a - +1 war axe
rCold   . . .      Faith    .   c - +0 buckler
rNeg    . . .      Spirit   .   b - +0 scale mail
rPois   .          Reflect  .   f - +0 helmet
rElec   .          Harm     .   (no cloak)
rCorr   .          Rampage  .   (no gloves)
Will    .....                   (no boots)
Stlth   ..........              (no amulet)
HPRegen 0.11/turn               (no ring)
MPRegen 0.09/turn               (no ring)

@: mighty
A: ignite blood 1, powered by pain 1
a: Renounce Religion, Draw Escape, Draw Destruction, Draw Summoning


You were on level 2 of the Dungeon.
You worshipped Nemelex Xobeh.
Nemelex Xobeh was pleased with you.
You visited 1 branch of the dungeon, and saw 2 of its levels.

You collected 113 gold pieces.

Inventory:

Hand Weapons
 a - a +1 war axe (weapon)
 j - a +0 hunting sling
Missiles
 e - 79 stones (quivered)
 h - 6 boomerangs
 i - 2 javelins
 k - 28 arrows
Armour
 b - a +0 scale mail (worn)
 c - a +0 buckler (worn)
 f - a +0 helmet (worn)
Scrolls
 g - a scroll of identify {@r1}
 l - a scroll of magic mapping
Potions
 d - a potion of might


   Skills:
 - Level 3.0 Fighting
 * Level 4.0 Axes
 - Level 2.6 Armour
 - Level 2.6 Shields
 + Level 2.5 Invocations


You had 3 spell levels left.
You didn't know any spells.
Your spell library contained the following spells:

 Spells                   Type           Power      Damage    Failure   Level
 Alistair's Intoxication  Tmut/Pois      0%         N/A       100%        5
 Borgnjor's Vile Clutch   Necr/Erth      0%         N/A       100%        5
 Eringya's Noxious Bog    Tmut/Pois      0%         N/A       100%        6


Dungeon Overview and Level Annotations

Branches:
Dungeon (2/15)

Altars:
Nemelex Xobeh


Innate Abilities, Weirdness & Mutations

Your demonic aura sometimes causes spilled blood to erupt in flames.
You sometimes gain a little power by taking damage.


Message History

You block the gnoll's attack.
You hit the gnoll but do no damage.
The gnoll is moderately wounded.
The gnoll hits you with a +0 whip. You block the gnoll's attack.
The gnoll shouts!
You slash the gnoll!
You kill the gnoll!
Your Axes skill increases to level 4!
The gnoll hits you but does no damage. The gnoll closely misses you.
You see here a +0 whip.
You barely miss the gnoll.
The gnoll hits you from afar with a +0 halberd.
The gnoll barely misses you.
The gnoll hits you but does no damage. x2
You closely miss the gnoll.
The gnoll hits you from afar with a +0 spear!
The gnoll completely misses you. The gnoll barely misses you.
The gnoll hits you but does no damage.
You slash the gnoll!
You kill the gnoll!
The gnoll hits you from afar with a +0 halberd.
The gnoll hits you but does no damage. The gnoll barely misses you.
The gnoll hits you but does no damage.
You see here a +0 flail.
The gnoll hits you but does no damage.
The gnoll hits you from afar with a +0 spear.
You see here a +0 whip.
The gnoll hits you from afar with a +0 halberd.
You block the gnoll's attack.
You barely miss the gnoll. The gnoll hits you but does no damage.
The gnoll hits you with a +0 halberd!
* * * LOW HITPOINT WARNING * * *
You focus on the pain.
You feel very mighty all of a sudden.
The gnoll hits you from afar with a +0 spear.
* * * LOW HITPOINT WARNING * * *
You slash the gnoll!
The gnoll is heavily wounded.
The gnoll hits you with a +0 halberd!
You die...
Your body glows slightly and disappears.

....(..
................
##...##
####......##.... .#
#.#...## #......
#.#..####.# .....
#.........# #...
###.###........#
#g# #.#####..# #g#
#.# #..# #@#
#.#####..##### .
#.# #.#...........
.
##.###.#.##.....###
. #...##.#.###...##
. #.#.....#.##..##
.# #...##........#
.# #############.#
## #.# #)#


You could see 2 gnolls.

Vanquished Creatures
  Terence (D:2)
  2 gnolls (D:2)
  2 adders (D:2)
  A worm (D:2)
  A dart slug (D:2)
  3 ball pythons
  4 bats
  3 endoplasms
  A giant cockroach (D:2)
  5 hobgoblins
  2 jackals (D:2)
  A quokka (D:2)
  5 frilled lizards
  7 goblins
  3 kobolds
  5 rats
46 creatures vanquished.

Notes
Turn   | Place    | Note
-------+----------+-------------------------------------------
     0 | D:1      | dolemite99 the Demonspawn Fighter began the quest for the
                  | Orb.
     0 | D:1      | Reached XP level 1. HP: 18/18 MP: 1/1
    88 | D:1      | Reached skill level 2 in Axes
   286 | D:1      | Gained mutation: Your demonic aura sometimes causes spilled
                  | blood to erupt in flames. [demonic ancestry]
   286 | D:1      | Reached XP level 2. HP: 24/24 MP: 2/2
   454 | D:1      | Found a faded altar of an unknown god.
   468 | D:1      | Became a worshipper of Nemelex Xobeh the Trickster
   468 | D:1      | Reached * piety under Nemelex Xobeh
   489 | D:1      | Reached skill level 3 in Axes
   625 | D:1      | Received a gift from Nemelex Xobeh
  1027 | D:2      | Reached XP level 3. HP: 29/29 MP: 3/3
  1181 | D:2      | Reached skill level 1 in Invocations
  1429 | D:2      | Noticed Terence
  1433 | D:2      | Killed Terence
  1434 | D:2      | Gained mutation: You sometimes gain a little power by
                  | taking damage. [demonic ancestry]
  1434 | D:2      | Reached XP level 4. HP: 32/35 MP: 3/5
  1549 | D:2      | Reached ** piety under Nemelex Xobeh
  2137 | D:2      | Reached skill level 4 in Axes
  2161 | D:2      | Mangled by a gnoll

Illustrated notes

Levels and vault maps discovered:
D:1:      dpeg_arrival_tiny_c, layout_basic,
          shapermc_ecumenical_altar_starsandcircs
D:2:      layout_loops_corners, uniq_terence

Skill      XL: |  1  2  3  4 |
---------------+-------------+-----
Axes           | 2 3 4 |  4.0
Invocations    | 1 2 |  2.5
Fighting       | |  3.0
Armour         | |  2.6
Shields        | |  2.6

Action                   |  1- 3 |  4- 6 || total
-------------------------+-------+-------++-------
Melee: War axe           |    68 |    27 ||    95
 Fire: Hunting sling     |       |    27 ||    27
Throw: Stone             |    52 |    31 ||    83
  Use: Scroll            |     4 |       ||     4
Armor: Scale mail        |    22 |    38 ||    60
Dodge: Dodged            |    30 |    28 ||    58
Block: Buckler           |    18 |    14 ||    32

Table legend: (Time is in decaauts)
 A = Elapsed time spent in this place.
 B = Non-inter-level travel time spent in this place.
 C = Inter-level travel time spent in this place.
 D = Time resting spent in this place.
 E = Time spent auto-exploring this place.
 F = Levels seen in this place.
 G = Mean time per level.
                   A        B        C        D        E       F      G
               +--------+--------+--------+--------+--------+-----+--------+
         Total |   2214 |   2180 |     34 |    425 |   1221 |   2 | 1107.0 |
       Dungeon |   2214 |   2180 |     34 |    425 |   1221 |   2 | 1107.0 |
               +--------+--------+--------+--------+--------+-----+--------+

Top non-repeatable levels by time:
     D:2: 1167 daAuts
     D:1: 1047 daAuts
